 Dungeon Sprint DCSS version 0.16.2-12-gd0ad4c3 (webtiles) character file.

2661 Ponchio the Thaumaturge (level 9, -10/45 HPs)
             Began as a Deep Elf Fire Elementalist on Sept 23, 2015.
             Was a High Priest of Vehumet.
             Killed from afar by a deep elf mage (35 damage)
             ... with a fireball
             ... in the Dungeon (Sprint V: "Ziggurat Sprint").
             The game lasted 00:16:00 (1013 turns).

Ponchio the Thaumaturge (DEFE)                      Turns: 1013, Time: 00:16:25

Health: -10/45     AC:  2    Str:  5    XL:     9   Next: 36%
Magic:  34/39      EV: 20    Int: 42    God:    Vehumet [*****.]
Gold:   0          SH:  0    Dex: 15    Spells: 4 memorised, 26 levels left

rFire  . . .     SeeInvis .     J - +6 Majin-Bo {vamp, Archmagi MP+6 Int+6}
rCold  . . .     Clarity  .     a - +0 robe
rNeg   . . .     SustAb   .     (no shield)
rPois  .         Gourm    .     (no helmet)
rElec  .         Spirit   .     (no cloak)
rCorr  .         Warding  .     (no gloves)
rMut   .         NoTele   +     (no boots)
MR     .....                    (no amulet)
Stlth  ++........               B - +6 ring of intelligence
                                C - +6 ring of intelligence

@: not resistant to hostile enchantments, unstealthy
A: no striking features
a: Renounce Religion


You were in the Dungeon.
You worshipped Vehumet.
Vehumet was extremely pleased with you.
You were not hungry.

You visited 1 branch

Inventory:

Hand weapons
 J - the +6 Majin-Bo (weapon) {vamp, Archmagi MP+6 Int+6}
   (You found it in the Dungeon)

   It inflicts no extra harm, but heals its wielder somewhat when it strikes a
   living foe.
   It affects your intelligence (+6).
   It affects your magic capacity (+6).
Armour
 a - a +0 robe (worn)
Jewellery
 y - a +6 ring of dexterity
 A - a +6 ring of dexterity
 B - a +6 ring of intelligence (right hand)
 C - a +6 ring of intelligence (left hand)
 D - a +6 ring of strength
 E - a +6 ring of strength
Magical devices
 F - a wand of disintegration (0)
 G - a wand of fire (4)
 H - a wand of cold (2)
 I - a wand of draining (1)
Scrolls
 i - 4 scrolls of blinking
 q - 4 scrolls of amnesia
 r - 3 scrolls of recharging
 s - 7 scrolls of fog
 t - a scroll of holy word
 u - 5 scrolls of identify
 v - 5 scrolls of remove curse
 w - 2 scrolls of fear
Potions
 d - 8 potions of curing
 e - 8 potions of heal wounds
 f - 4 potions of haste
 g - 7 potions of magic
 h - 3 potions of berserk rage
 j - 2 potions of brilliance
 k - 2 potions of invisibility
 l - 2 potions of restore abilities
 m - 4 potions of resistance
 o - 5 potions of agility
 p - 5 potions of might
Books
 b - a book of Flames

   Spells                             Type                      Level
   a - Flame Tongue                   Conjuration/Fire             1
   b - Throw Flame                    Conjuration/Fire             2
   c - Conjure Flame                  Conjuration/Fire             3
   d - Inner Flame                    Hexes/Fire                   3
   e - Sticky Flame                   Conjuration/Fire             4
   f - Fireball                       Conjuration/Fire             5
 L - a Young Poisoner's Handbook

   Spells                             Type                      Level
   a - Sting                          Conjuration/Poison           1
   b - Cure Poison                    Poison                       2
   c - Mephitic Cloud                 Conjuration/Poison/Air       3
   d - Olgreb's Toxic Radiance        Poison                       4
   e - Venom Bolt                     Conjuration/Poison           5
Miscellaneous
 n - a phial of floods
 K - a fan of gales
Comestibles
 c - 5 bread rations
 x - 38 fruits
 z - 4 meat rations


   Skills:
 + Level 12.5 Dodging
 - Level 2.4 Stealth
 + Level 14.7 Spellcasting
 + Level 12.6 Conjurations
 - Level 6.1 Fire Magic
 + Level 10.0 Evocations


You had 26 spell levels left.
You knew the following spells:

 Your Spells              Type           Power        Failure   Level  Hunger
a - Flame Tongue          Conj/Fire      #####        1%          1    None
b - Throw Flame           Conj/Fire      ######       1%          2    None
c - Fireball              Conj/Fire      ########..   1%          5    None
d - Mephitic Cloud        Conj/Pois/Air  #######.     1%          3    None


Dungeon Overview and Level Annotations

Branches:
Dungeon (1/1)

Altars:
Ashenzari
Cheibriados
Dithmenos
Elyvilon
Fedhas
Gozag
Kikubaaqudgha
Makhleb
Nemelex Xobeh
Okawaru
Qazlal
Ru
Sif Muna
Trog
Vehumet
Xom
Yredelemnul
Zin
The Shining One
Beogh
Jiyva
Lugonu


Message History

The fireball engulfs something.
Vehumet accepts your kill.
You feel your power returning.
Reactivating autopickup.
Your Dodging skill increases to level 12!
Your Evocations skill increases to level 10!
You feel a bit more experienced.
Casting: Fireball
Confirm with . or Enter, or press ? or * to list all spells.
Aiming: Fireball
Press: ? - help, Shift-Dir - straight line, f - deep elf mage
Aim: a deep elf mage, wielding a rapier and wearing a leather armour (noxious fumes)
You feel a surge of power!
The fireball explodes!
The fireball engulfs the deep elf mage.
The deep elf mage is almost dead.
The deep elf mage is engulfed in noxious fumes.
The deep elf mage casts a spell at you.
The fireball explodes!
The fireball engulfs you!
Ouch! That really hurt!
You die...

8©8
▓..:):..▓
▓..)§§..▓
▓.).§§..▓
▓..§.e..▓
▓.......▓
.......
▓.▓...▓.▓
▓...@...▓
▓▓▓▓▓▓▓▓▓


You could see a deep elf mage.

Vanquished Creatures
  2 deep elf knights (D)
  A deep elf conjurer (D)
  2 nagas (D)
  2 deep elf fighters (D)
  5 water moccasins (D)
  An iron imp (D)
  2 orc wizards (D)
  4 adders (D)
  2 orcs (D)
  A bat skeleton (D)
  3 ball pythons (D)
25 creatures vanquished.

Notes
Turn   | Place    | Note
--------------------------------------------------------------
     0 | D        | Ponchio, the Deep Elf Fire Elementalist, began the quest for the Orb.
     0 | D        | Reached XP level 1. HP: 10/10 MP: 5/5
     0 | D        | Found a viscous altar of Jiyva.
     0 | D        | Found a corrupted altar of Lugonu.
     0 | D        | Found a white marble altar of Elyvilon.
     1 | D        | Found a burning altar of Makhleb.
     1 | D        | Found an iron altar of Okawaru.
     3 | D        | Found a sparkling altar of Nemelex Xobeh.
     3 | D        | Found a basalt altar of Yredelemnul.
     3 | D        | Found a deep blue altar of Sif Muna.
     3 | D        | Found a radiant altar of Vehumet.
     7 | D        | Found a bloodstained altar of Trog.
     7 | D        | Found a shimmering altar of Xom.
    34 | D        | Became a worshipper of Vehumet
    91 | D        | Reached skill level 7 in Spellcasting
    91 | D        | Reached skill level 5 in Conjurations
    91 | D        | Reached XP level 2. HP: 15/15 MP: 13/14
    95 | D        | Learned a level 2 spell: Throw Flame
   132 | D        | Entered arena 1.
   132 | D        | Noticed an iron imp
   139 | D        | Killed an iron imp
   139 | D        | Reached skill level 8 in Spellcasting
   139 | D        | Reached XP level 3. HP: 15/19 MP: 16/18
   236 | D        | Entered arena 2.
   238 | D        | Acquired Vehumet's first power
   238 | D        | Offered knowledge of Sandblast by Vehumet.
   409 | D        | Entered arena 3.
   409 | D        | Noticed an orc wizard
   409 | D        | Noticed an orc wizard
   413 | D        | Offered knowledge of Sting by Vehumet.
   414 | D        | Killed an orc wizard
   414 | D        | Reached skill level 5 in Dodging
   414 | D        | Reached XP level 4. HP: 18/24 MP: 21/21
   415 | D        | Reached skill level 9 in Spellcasting
   419 | D        | Killed an orc wizard
   613 | D        | Entered arena 4.
   613 | D        | Noticed a draconian
   613 | D        | Noticed a draconian
   613 | D        | Noticed a draconian
   613 | D        | Noticed a draconian
   622 | D        | Entered arena 5.
   622 | D        | Noticed a water moccasin
   622 | D        | Noticed a water moccasin
   634 | D        | Offered knowledge of Mephitic Cloud by Vehumet.
   634 | D        | Acquired Vehumet's second power
   635 | D        | Killed a water moccasin
   635 | D        | Reached skill level 10 in Spellcasting
   635 | D        | Reached XP level 5. HP: 25/28 MP: 24/24
   640 | D        | Killed a water moccasin
   640 | D        | Reached XP level 6. HP: 22/32 MP: 26/27
   652 | D        | Reached skill level 11 in Spellcasting
   774 | D        | Learned a level 5 spell: Fireball
   775 | D        | Entered arena 6.
   775 | D        | Noticed a naga
   775 | D        | Noticed a water moccasin
   775 | D        | Noticed a water moccasin
   775 | D        | Noticed a water moccasin
   775 | D        | Noticed a naga
   776 | D        | Offered knowledge of Iskenderun's Mystic Blast by Vehumet.
   776 | D        | Acquired Vehumet's third power
   776 | D        | Killed a naga
   777 | D        | Killed a water moccasin
   777 | D        | Reached XP level 7. HP: 24/36 MP: 29/29
   777 | D        | Killed a water moccasin
   777 | D        | Reached skill level 12 in Spellcasting
   777 | D        | Reached skill level 10 in Conjurations
   777 | D        | Killed a naga
   777 | D        | Reached skill level 5 in Evocations
   778 | D        | Killed a water moccasin
   778 | D        | Reached skill level 10 in Dodging
  1007 | D        | Learned a level 3 spell: Mephitic Cloud
  1009 | D        | Entered arena 7.
  1009 | D        | Noticed a deep elf knight
  1009 | D        | Noticed a deep elf conjurer
  1009 | D        | Noticed a deep elf mage
  1009 | D        | Noticed a deep elf knight
  1009 | D        | Noticed a deep elf fighter
  1009 | D        | Noticed a deep elf fighter
  1011 | D        | Killed a deep elf fighter
  1011 | D        | Offered knowledge of Bolt of Draining by Vehumet.
  1011 | D        | Reached XP level 8. HP: 37/41 MP: 31/31
  1012 | D        | Killed a deep elf conjurer
  1012 | D        | Reached skill level 13 in Spellcasting
  1012 | D        | Killed a deep elf fighter
  1012 | D        | Killed a deep elf knight
  1012 | D        | Reached skill level 14 in Spellcasting
  1012 | D        | Reached XP level 9. HP: 35/45 MP: 33/33
  1012 | D        | Killed a deep elf knight
  1012 | D        | Reached skill level 10 in Evocations
  1013 | D        | Killed from afar by a deep elf mage

Action                   |  1- 3 |  4- 6 |  7- 9 || total
-------------------------+-------+-------+-------++-------
Melee: Quarterstaff      |     4 |    15 |       ||    19
 Cast: Throw Flame       |    10 |     7 |       ||    17
       Fireball          |       |     1 |     5 ||     6
       Mephitic Cloud    |       |       |     1 ||     1
Evoke: Wand              |     4 |    11 |       ||    15
  Use: Potion            |     3 |     4 |       ||     7
  Eat: Fruit             |     3 |       |     1 ||     4
       Chunk             |       |     2 |       ||     2
